 Dungeon Crawl Stone Soup version 0.29.1-12-g30fa7ad0bf (webtiles) character file.

Game seed: 2244941604283069487

51 LSt the Ducker (level 3, 0/17 HPs)
             Began as a Felid Berserker on Dec 29, 2022.
             Was a Follower of Trog.
             Succumbed to an adder's poison
             ... on level 4 of the Dungeon.
             The game lasted 00:08:57 (1450 turns).

LSt the Ducker (Felid Berserker)                    Turns: 1450, Time: 00:08:57

Health: 0/17       AC:  1    Str: 15    XL:     3   Next: 57%
Magic:  4/4        EV: 18    Int:  8    God:    Trog [*.....]
Gold:   83         SH:  0    Dex: 15    Spells: 2/2 levels left
                                        Lives:  0   Deaths: 0

rFire   . . .      SeeInvis +     - Unarmed
rCold   . . .      Faith    .   (shield unavailable)
rNeg    . . .      Spirit   .   (body armour unavailable)
rPois   .          Reflect  .   (helmet unavailable)
rElec   .          Harm     .   (cloak unavailable)
rCorr   +          Rampage  .   (gloves unavailable)
Will    +....                   (boots unavailable)
Stlth   ++........              (no amulet)
HPRegen 0.05/turn               c - ring of resist corrosion
MPRegen 0.09/turn               f - ring of willpower

@: lethally poisoned (0 -> -5), on berserk cooldown, slowed, slow
A: very small, claws 1, fangs 3, see invisible, speed 1, shaggy fur 1, stealthy
paws, no weapons or thrown items, no armour, multi-lived
a: Renounce Religion, Berserk


You were on level 4 of the Dungeon.
You worshipped Trog.
Trog was aware of your devotion.
You visited 1 branch of the dungeon, and saw 3 of its levels.

You collected 83 gold pieces.

Inventory:

Jewellery
 c - a ring of resist corrosion (left paw)
 f - a ring of willpower (right paw)
Scrolls
 d - a scroll of fear {unknown}
Potions
 a - a potion of berserk rage {unknown}
 b - a potion of brilliance {unknown}
 e - a potion of flight {unknown}


   Skills:
 - Level 3.0 Fighting
 - Level 4.0 Dodging
 + Level 3.5 Stealth
 - Level 3.8 Unarmed Combat


You had 2 spell levels left.
You didn't know any spells.
Your spell library was empty.

Dungeon Overview and Level Annotations

Branches:
Dungeon (4/15)
 Temple: D:4-7

Altars:


Innate Abilities, Weirdness & Mutations

You have sharp claws.
You have razor-sharp teeth.
You have supernaturally acute eyesight. (SInv)
You cover ground quickly. (Speed+)
You are covered in fur. (AC +1)
Your paws help you pounce on unaware monsters.
You are incapable of wielding weapons or throwing items.
You cannot wear armour.
You gain extra lives every three experience levels.


Message History

Found a stone staircase leading down.
You scratch the adder. Your bite misses the adder.
The adder is lightly wounded.
The adder bites you.
You miss the adder.
The adder is lightly wounded.
The adder misses you. The adder barely misses you.
You barely miss the adder. You bite the adder, but do no damage.
The adder is lightly wounded.
The adder bites you.
You are poisoned.
The adder poisons you!
You barely miss the adder. You bite the adder.
The adder is moderately wounded.
You feel sick. The adder bites you.
You are lethally poisoned!
The adder poisons you!
You are too injured to fight recklessly!
A red film seems to cover your vision as you go berserk!
You feel yourself moving faster!
You feel mighty!
You feel sick. The adder completely misses you.
You claw the adder!
You kill the adder!
Trog accepts your kill.
* * * LOW HITPOINT WARNING * * *
You feel sick.
* * * LOW HITPOINT WARNING * * *
You feel sick.
You feel a strong urge to attack something.
* * * LOW HITPOINT WARNING * * *
You feel sick.
* * * LOW HITPOINT WARNING * * *
You feel sick.
You feel your anger nearly subside.
* * * LOW HITPOINT WARNING * * *
You feel sick.
You are no longer berserk.
You are exhausted.
You feel yourself slow down.
You die...

#.......# #.......# #.......#
#.......# #.......#
#####.......############ ##
............##.........# ..
............##.........#.#####
.............)..@.....†'....>.
.....#########.........#.##...
..†...# #.........# # ......#
#.........# .........
########### .....###.# ######
.


There were no monsters in sight!

Vanquished Creatures
  2 adders
  A dart slug (D:1)
  5 endoplasms
  2 giant cockroaches (D:1)
  2 goblins (D:1)
  4 hobgoblins
  3 kobolds
  2 quokkas
  3 ball pythons
  2 bats (D:1)
  A frilled lizard (D:1)
  A rat (D:1)
28 creatures vanquished.

Notes
Turn   | Place    | Note
-------+----------+-------------------------------------------
     0 | D:1      | LSt the Felid Berserker began the quest for the Orb.
     0 | D:1      | Reached XP level 1. HP: 10/10 MP: 2/2
   206 | D:1      | Reached skill level 1 in Stealth
   336 | D:1      | Reached XP level 2. HP: 14/14 MP: 3/3
  1001 | D:2      | Found a faded altar of an unknown god.
  1086 | D:2      | Reached XP level 3. HP: 17/17 MP: 4/4
  1245 | D:2      | You fall into a shaft and drop 2 floors!
  1450 | D:4      | Succumbed to an adder's poison

Illustrated notes

Levels and vault maps discovered:
D:1:      heliophobic_arrival_battle_scene, layout_rooms,
          hangedman_decor_growths
D:2:      layout_loops_corners, nicolae_ecumenical_oubliette,
          serial_park_tiny_pond, nicolae_titane
D:4:      layout_basic

Skill      XL: |  1  2  3 |
---------------+----------+-----
Stealth        | 1 2 3 |  3.5
Fighting       | |  3.0
Dodging        | |  4.0
Unarmed Combat | |  3.8

Action                   || total
-------------------------++-------
Melee: Unarmed           ||    59
       Bite              ||     7
Invok: Berserk           ||     3
 Stab: Sleeping          ||     5
Armor: Skin              ||     3
Dodge: Dodged            ||    32
